NWL (28 & UNDER)
MOOSE JAW GHOSTBUSTERS @ LA CROSSE LOGGERS
08/23/2027
 
TOP OF THE 1ST
Moose Jaw Ghostbusters batting - Pitching for La Crosse Loggers : RHP Jack Hampton
Pitching: RHP Jack Hampton
Batting: RHB Don Turner 0-0: Bunted foul
0-1: Fly out, F8 (Line Drive, 8LM)
Batting: RHB Billy Mullins 0-0: Ball
1-0: Ball
2-0: Ball
3-0: Called Strike
3-1: Base on Balls
Batting: RHB John Major 0-0: Ball
1-0: Ball
2-0: Ball
3-0: Base on Balls
Billy Mullins to second
Batting: RHB Don Hooper 0-0: Called Strike
0-1: Swinging Strike
0-2: Strikes out swinging
Batting: LHB Will Vale 0-0: Ball
1-0: Swinging Strike
1-1: Foul Ball, location: 2F
1-2: Strikes out swinging
Top of the 1st over - 0 run(s), 0 hit(s), 0 error(s), 2 left on base; Moose Jaw 0 - La Crosse 0
BOTTOM OF THE 1ST
La Crosse Loggers batting - Pitching for Moose Jaw Ghostbusters : RHP Máximo Marín
Pitching: RHP Máximo Marín
Batting: RHB Aurelio Cruz 0-0: Foul Ball, location: 2F
0-1: Ground out 3-1 (Groundball, 34S)
Batting: SHB Dave Henley 0-0: Ball
1-0: SINGLE (Groundball, 56D)
Batting: LHB Ramón Morales 0-0: Called Strike
0-1: Ball
1-1: Swinging Strike
1-2: Strikes out swinging
Dave Henley steals 2nd base
Batter strikes out.
Batting: RHB Danny Campbell 0-0: Swinging Strike
0-1: Called Strike
0-2: Foul Ball, location: 2F
0-2: Ball
1-2: Ball
2-2: Strikes out swinging
Bottom of the 1st over - 0 run(s), 1 hit(s), 0 error(s), 1 left on base; Moose Jaw 0 - La Crosse 0
TOP OF THE 2ND
Moose Jaw Ghostbusters batting - Pitching for La Crosse Loggers : RHP Jack Hampton
Batting: RHB Juan Vázquez 0-0: Ball
1-0: Called Strike
1-1: SINGLE (Flyball, 4MD)
Batting: LHB Dave Stewart 0-0: Called Strike
0-1: Ball
1-1: Foul Ball, location: 2F
1-2: Ball
2-2: Strikes out swinging
Batting: RHB Luis Miguel Sánchez 0-0: Ball
Juan Vázquez steals 2nd base
1-0: Ball
2-0: Ball
3-0: Base on Balls
Batting: RHB Andrew Weatherly 0-0: Called Strike
0-1: Ball
1-1: Ball
2-1: SINGLE (Line Drive, 9S)
Juan Vázquez to third
Luis Miguel Sánchez to second
Batting: RHB Don Turner 0-0: Ball
1-0: Ball
2-0: Ball
3-0: Base on Balls
Juan Vázquez scores
Luis Miguel Sánchez to third
Andrew Weatherly to second
Batting: RHB Billy Mullins 0-0: Ball
1-0: Ball
2-0: Swinging Strike
2-1: Called Strike
2-2: Ball
3-2: Base on Balls
Luis Miguel Sánchez scores
Andrew Weatherly to third
Don Turner to second
Batting: RHB John Major 0-0: Called Strike
0-1: Ball
Passed Ball!
Andrew Weatherly scores
Don Turner to third
Billy Mullins to second
1-1: Ball
2-1: Ground out 4-3 (Groundball, 4M)
Don Turner scores
Billy Mullins to third
Batting: RHB Don Hooper 0-0: Called Strike
0-1: Ground out 5-3 (Groundball, 56)
Top of the 2nd over - 4 run(s), 2 hit(s), 0 error(s), 1 left on base; Moose Jaw 4 - La Crosse 0
BOTTOM OF THE 2ND
La Crosse Loggers batting - Pitching for Moose Jaw Ghostbusters : RHP Máximo Marín
Batting: LHB Jeff Forsyth 0-0: Called Strike
0-1: Ball
1-1: SINGLE (Line Drive, 9S)
Batting: RHB Troy Reed 0-0: Called Strike
0-1: Swinging Strike
0-2: Strikes out swinging
Batting: SHB José González 0-0: Called Strike
0-1: Ball
1-1: Grounds out, U3 (Groundball, 3L)
Batting: RHB Juan García 0-0: Ball
1-0: Called Strike
1-1: Called Strike
1-2: Foul Ball, location: 2F
1-2: Strikes out looking
Bottom of the 2nd over - 0 run(s), 1 hit(s), 0 error(s), 1 left on base; Moose Jaw 4 - La Crosse 0
TOP OF THE 3RD
Moose Jaw Ghostbusters batting - Pitching for La Crosse Loggers : RHP Jack Hampton
Batting: LHB Will Vale 0-0: Called Strike
0-1: Ball
1-1: Ball
2-1: SINGLE (Groundball, 4MD)
Batting: RHB Juan Vázquez 0-0: Ball
1-0: Ball
2-0: Ball
3-0: Called Strike
3-1: Foul Ball, location: 2F
3-2: Strikes out swinging
Batting: LHB Dave Stewart 0-0: Ball
1-0: Fly out, F7 (Line Drive, 7LM)
Batting: RHB Luis Miguel Sánchez 0-0: Called Strike
0-1: Ball
1-1: Ball
2-1: Swinging Strike
2-2: Foul Ball, location: 2F
2-2: Ball
3-2: Foul Ball, location: 2F
3-2: SINGLE (Line Drive, 78S)
Will Vale to second
Will Vale to third
Batting: RHB Andrew Weatherly 0-0: Ball
1-0: Ball
2-0: Called Strike
2-1: Ball
3-1: Foul Ball, location: 2F
3-2: Foul Ball, location: 2F
3-2: Foul Ball, location: 2F
3-2: Fly out, F9 (Flyball, 9S)
Top of the 3rd over - 0 run(s), 2 hit(s), 0 error(s), 2 left on base; Moose Jaw 4 - La Crosse 0
BOTTOM OF THE 3RD
La Crosse Loggers batting - Pitching for Moose Jaw Ghostbusters : RHP Máximo Marín
Batting: RHB Robert Acosta 0-0: Ground out 5-3 (Groundball, 56)
Batting: RHB Aurelio Cruz 0-0: Called Strike
0-1: Fly out, F4 (Popup, 4)
Batting: SHB Dave Henley 0-0: Ball
1-0: Ball
2-0: Ball
3-0: Base on Balls
Batting: LHB Ramón Morales 0-0: Ball
Dave Henley is caught stealing 2nd base
Bottom of the 3rd over - 0 run(s), 0 hit(s), 0 error(s), 0 left on base; Moose Jaw 4 - La Crosse 0
TOP OF THE 4TH
Moose Jaw Ghostbusters batting - Pitching for La Crosse Loggers : RHP Jack Hampton
Batting: RHB Don Turner 0-0: Foul Ball, location: 2F
0-1: Called Strike
0-2: Ball
1-2: Ball
2-2: Strikes out looking
Batting: RHB Billy Mullins 0-0: Ball
1-0: Called Strike
1-1: SINGLE (Groundball, 4MD)
Batting: RHB John Major 0-0: 2-RUN HOME RUN (Flyball, 89XD), Distance : 386 ft
Pitching: RHP Ray Adams
Batting: RHB Don Hooper 0-0: Ground out 4-3 (Groundball, 4)
Batting: LHB Will Vale 0-0: Ball
1-0: Ball
2-0: Ball
3-0: Called Strike
3-1: SINGLE (Groundball, 6MD)
Batting: RHB Juan Vázquez 0-0: Swinging Strike
0-1: Ball
1-1: Ball
2-1: DOUBLE (Groundball, 5L)
Will Vale to third
Batting: LHB Dave Stewart 0-0: Ball
1-0: Called Strike
1-1: Ball
2-1: Ball
3-1: Base on Balls
Batting: RHB Luis Miguel Sánchez 0-0: Ball
1-0: Ball
2-0: Swinging Strike
2-1: Swinging Strike
2-2: SINGLE (Line Drive, 8LM)
Will Vale scores
Juan Vázquez to third
Dave Stewart to second
Runner from 3rd tries for Home, SAFE, no throw
Batting: RHB Andrew Weatherly 0-0: Ball
1-0: SINGLE (Groundball, 6D)
Dave Stewart to third
Luis Miguel Sánchez to second
Runner from 3rd tries for Home, SAFE, no throw
Pitching: RHP Christian Adkins
Batting: RHB Don Turner 0-0: Ball
1-0: SINGLE (Line Drive, 7LM)
Luis Miguel Sánchez to third
Andrew Weatherly to second
Batting: RHB Billy Mullins 0-0: Called Strike
0-1: Ball
1-1: Ball
2-1: Swinging Strike
2-2: Fielders Choice at 2nd, 5-4 (Groundball, 56)
Top of the 4th over - 5 run(s), 7 hit(s), 0 error(s), 2 left on base; Moose Jaw 9 - La Crosse 0
BOTTOM OF THE 4TH
La Crosse Loggers batting - Pitching for Moose Jaw Ghostbusters : RHP Máximo Marín
Batting: LHB Ramón Morales 0-0: Foul Ball, location: 2F
0-1: Swinging Strike
0-2: Strikes out swinging
Batting: RHB Danny Campbell 0-0: Foul Ball, location: 2F
0-1: Ball
1-1: Called Strike
1-2: Ball
2-2: Foul Ball, location: 2F
2-2: Ball
3-2: Strikes out looking
Batting: LHB Jeff Forsyth 0-0: Ball
1-0: Called Strike
1-1: Ball
2-1: Ball
3-1: Called Strike
3-2: Base on Balls
Batting: RHB Troy Reed 0-0: Ball
1-0: Swinging Strike
1-1: Ball
2-1: Foul Ball, location: 2F
2-2: Strikes out looking
Bottom of the 4th over - 0 run(s), 0 hit(s), 0 error(s), 1 left on base; Moose Jaw 9 - La Crosse 0
TOP OF THE 5TH
Moose Jaw Ghostbusters batting - Pitching for La Crosse Loggers : RHP Christian Adkins
Batting: RHB John Major 0-0: Called Strike
0-1: Foul Ball, location: 2F
0-2: Strikes out swinging
Batting: RHB Don Hooper 0-0: Ball
1-0: Ball
2-0: Fly out, F4 (Popup, 3D)
Batting: LHB Will Vale 0-0: Ball
1-0: Called Strike
1-1: Swinging Strike
1-2: Strikes out swinging
Top of the 5th over - 0 run(s), 0 hit(s), 0 error(s), 0 left on base; Moose Jaw 9 - La Crosse 0
BOTTOM OF THE 5TH
La Crosse Loggers batting - Pitching for Moose Jaw Ghostbusters : RHP Máximo Marín
Batting: SHB José González 0-0: Ball
1-0: Called Strike
1-1: Called Strike
1-2: Strikes out swinging
Batting: RHB Juan García 0-0: Called Strike
0-1: Called Strike
0-2: Strikes out looking
Batting: RHB Robert Acosta 0-0: Ball
1-0: Fly out, F7 (Flyball, 78M)
Bottom of the 5th over - 0 run(s), 0 hit(s), 0 error(s), 0 left on base; Moose Jaw 9 - La Crosse 0
TOP OF THE 6TH
Moose Jaw Ghostbusters batting - Pitching for La Crosse Loggers : RHP Christian Adkins
Batting: RHB Juan Vázquez 0-0: Called Strike
0-1: Called Strike
0-2: Ball
1-2: Strikes out swinging
Batting: LHB Dave Stewart 0-0: Ball
1-0: Called Strike
1-1: Foul Ball, location: 2F
1-2: Strikes out swinging
Batting: RHB Luis Miguel Sánchez 0-0: Ball
1-0: Ball
2-0: Foul Ball, location: 2F
2-1: Foul Ball, location: 2F
2-2: Ball
3-2: Base on Balls
Batting: RHB Andrew Weatherly 0-0: Called Strike
0-1: Ball
1-1: Ball
2-1: Called Strike
2-2: Foul Ball, location: 2F
2-2: Foul Ball, location: 2F
2-2: Ball
3-2: Foul Ball, location: 2F
3-2: Base on Balls
Luis Miguel Sánchez to second
Batting: RHB Don Turner 0-0: Ball
1-0: Ball
2-0: Fly out, F8 (Flyball, 8LM)
Top of the 6th over - 0 run(s), 0 hit(s), 0 error(s), 2 left on base; Moose Jaw 9 - La Crosse 0
BOTTOM OF THE 6TH
La Crosse Loggers batting - Pitching for Moose Jaw Ghostbusters : RHP Máximo Marín
Batting: RHB Aurelio Cruz 0-0: Called Strike
0-1: Hit by Pitch
Batting: SHB Dave Henley 0-0: Ball
1-0: Called Strike
Aurelio Cruz steals 2nd base
1-1: Fly out, F7 (Flyball, 7LS)
Batting: LHB Ramón Morales 0-0: Foul Ball, location: 2F
0-1: Swinging Strike
0-2: SINGLE (Line Drive, 34)
Aurelio Cruz to third
Runner from 3rd tries for Home, SAFE, no throw
Batting: RHB Danny Campbell 0-0: Called Strike
0-1: Ball
1-1: Swinging Strike
1-2: Ball
Ramón Morales is caught stealing 2nd base
2-2: Fly out, F8 (Flyball, 8RD)
Bottom of the 6th over - 1 run(s), 1 hit(s), 0 error(s), 0 left on base; Moose Jaw 9 - La Crosse 1
TOP OF THE 7TH
Moose Jaw Ghostbusters batting - Pitching for La Crosse Loggers : RHP Christian Adkins
Batting: RHB Billy Mullins 0-0: Ball
1-0: Foul Ball, location: 2F
1-1: Ball
2-1: Foul Ball, location: 2F
2-2: Foul Ball, location: 2F
2-2: Ball
3-2: Ground out 3-1 (Groundball, 34)
Pitching: RHP Michael Peterson
Batting: RHB John Major 0-0: Called Strike
0-1: Ground out 5-3 (Groundball, 5)
Batting: RHB Don Hooper 0-0: Ball
1-0: Ball
2-0: SINGLE (Groundball, 56) (infield hit)
Batting: LHB Will Vale 0-0: Foul Ball, location: 2F
0-1: Ball
1-1: Ball
2-1: Fly out, F7 (Line Drive, 78S)
Top of the 7th over - 0 run(s), 1 hit(s), 0 error(s), 1 left on base; Moose Jaw 9 - La Crosse 1
BOTTOM OF THE 7TH
La Crosse Loggers batting - Pitching for Moose Jaw Ghostbusters : RHP Máximo Marín
Batting: LHB Jeff Forsyth 0-0: Called Strike
0-1: Foul Ball, location: 2F
0-2: Ball
1-2: Ball
2-2: Foul Ball, location: 2F
2-2: Foul Ball, location: 2F
2-2: Foul Ball, location: 2F
2-2: Ball
3-2: Strikes out swinging
Batting: RHB Troy Reed 0-0: Called Strike
0-1: Ball
1-1: Ball
2-1: Foul Ball, location: 2F
2-2: Strikes out swinging
Batting: SHB José González 0-0: Swinging Strike
0-1: Called Strike
0-2: Ball
1-2: Strikes out swinging
Bottom of the 7th over - 0 run(s), 0 hit(s), 0 error(s), 0 left on base; Moose Jaw 9 - La Crosse 1
TOP OF THE 8TH
Moose Jaw Ghostbusters batting - Pitching for La Crosse Loggers : RHP Michael Peterson
Batting: RHB Juan Vázquez 0-0: Ball
1-0: Foul Ball, location: 2F
1-1: Foul Ball, location: 2F
1-2: Ball
2-2: Foul Ball, location: 2F
2-2: DOUBLE (Flyball, 8LXD)
Batting: LHB Dave Stewart 0-0: Foul Ball, location: 2F
0-1: Ground out U3 (Groundball, 34)
Juan Vázquez to third
Batting: RHB Luis Miguel Sánchez 0-0: Called Strike
0-1: Foul Ball, location: 2F
0-2: Foul Ball, location: 2F
0-2: Ball
1-2: Strikes out looking
Batting: RHB Andrew Weatherly 0-0: Called Strike
0-1: Foul Ball, location: 2F
0-2: Ground out 6-3 (Groundball, 6)
Top of the 8th over - 0 run(s), 1 hit(s), 0 error(s), 1 left on base; Moose Jaw 9 - La Crosse 1
BOTTOM OF THE 8TH
La Crosse Loggers batting - Pitching for Moose Jaw Ghostbusters : RHP Máximo Marín
Pitching: RHP Whit Johnson
Batting: RHB Juan García 0-0: Ball
1-0: Ball
2-0: SOLO HOME RUN (Flyball, 78XD), Distance : 392 ft
Batting: RHB Robert Acosta 0-0: Ball
1-0: Ball
2-0: SINGLE (Flyball, 8RS)
Batting: RHB Aurelio Cruz 0-0: Called Strike
0-1: Ball
1-1: Swinging Strike
1-2: Strikes out looking
Batting: SHB Dave Henley 0-0: Ball
1-0: Ball
2-0: Called Strike
2-1: Ball
3-1: Called Strike
3-2: Fly out, F3 (Line Drive, 34)
Batting: LHB Ramón Morales 0-0: Ball
1-0: Called Strike
1-1: Swinging Strike
1-2: Ball
2-2: Foul Ball, location: 2F
2-2: Ball
3-2: SINGLE (Groundball, 34D)
Robert Acosta to second
Robert Acosta to third
Batting: RHB Danny Campbell 0-0: Called Strike
0-1: Ball
1-1: Foul Ball, location: 2F
1-2: Ball
2-2: Ball
3-2: Fly out, F5 (Popup, 5L)
Bottom of the 8th over - 1 run(s), 3 hit(s), 0 error(s), 2 left on base; Moose Jaw 9 - La Crosse 2
TOP OF THE 9TH
Moose Jaw Ghostbusters batting - Pitching for La Crosse Loggers : RHP Michael Peterson
Batting: RHB Don Turner 0-0: Called Strike
0-1: Ground out 6-3 (Groundball, 56)
Batting: RHB Billy Mullins 0-0: SINGLE (Groundball, 6D)
Pinch Hitting: RHB Shawn Bane 0-0: Swinging Strike
0-1: Ball
1-1: Ball
2-1: Foul Ball, location: 2F
2-2: Ball
3-2: Base on Balls
Billy Mullins to second
Batting: RHB Don Hooper 0-0: Ball
1-0: SINGLE (Groundball, 56D)
Billy Mullins to third
Shawn Bane to second
Runner from 3rd tries for Home, SAFE, throw made home
Shawn Bane to third
Don Hooper to second
Batting: LHB Will Vale 0-0: Swinging Strike
0-1: Ball
1-1: Ground out 4-3 (Groundball, 4)
Shawn Bane scores
Don Hooper to third
Batting: RHB Juan Vázquez 0-0: Ball
1-0: Called Strike
1-1: Swinging Strike
1-2: Ball
2-2: Fly out, F8 (Flyball, 8RM)
Top of the 9th over - 2 run(s), 2 hit(s), 0 error(s), 1 left on base; Moose Jaw 11 - La Crosse 2
BOTTOM OF THE 9TH
La Crosse Loggers batting - Pitching for Moose Jaw Ghostbusters : RHP Whit Johnson
Now at 1B: Nicholas Harris
Batting: LHB Jeff Forsyth 0-0: Ball
1-0: Foul Ball, location: 2F
1-1: SOLO HOME RUN (Flyball, 8RXD), Distance : 429 ft
Batting: RHB Troy Reed 0-0: Called Strike
0-1: Foul Ball, location: 2F
0-2: Foul Ball, location: 2F
0-2: Foul Ball, location: 2F
0-2: Foul Ball, location: 2F
0-2: Ball
1-2: Ball
2-2: Foul Ball, location: 2F
2-2: Ball
3-2: Fly out, F8 (Flyball, 8LD)
Pitching: RHP Bennett Greer
Batting: SHB José González 0-0: Ball
1-0: Ball
2-0: Ball
3-0: Called Strike
3-1: Foul Ball, location: 2F
3-2: DOUBLE (Line Drive, 7LM)
Batting: RHB Juan García 0-0: Swinging Strike
0-1: Ball
1-1: Ball
2-1: Swinging Strike
2-2: Ball
3-2: Base on Balls
Batting: RHB Robert Acosta 0-0: Ball
1-0: Foul Ball, location: 2F
1-1: Grounds into double play, 4-6-3 (Groundball, 4)
Bottom of the 9th over - 1 run(s), 2 hit(s), 0 error(s), 1 left on base; Moose Jaw 11 - La Crosse 3
Thursday, March 30th, 2017 - OOTP Baseball 17.12 Build 75